AoeStats
← Captain Longstroke

Black Forest

507738243Analyzed
4v4 RM · 14d ago on Sep 19, 2026· 43m 18s· 8 players
Game mode
Random Map
Map size
Large (8 player)
Population
200
Speed
Normal
Resources
Standard
Victory
Conquest
Starting age
Dark Age
Ending age
Imperial Age
RankedLock teamsTeams togetherTeam positionsShared explorationLock speedFull tech treeHidden civsTurbo modeCheats
Victory
Defeat
🇮🇹 Slavs · Italy
958
+14
🇩🇪 Khmer · Germany
942
+15
🇷🇴 Tatars · Romania
914
+16
🇨🇦 Celts · Canada
866
+18
🇺🇸 Franks · United States
999
-20
🇵🇪 Khitans · Peru
904
-15
🇹🇼 Spanish · Taiwan
880
-14
🇺🇸 Portuguese · United States
866
-36
Pangaea
7:36 Loom
10:07 Feudal Age
10:37 Double-Bit Axe
10:35 Horse Collar
16:20 Castle Age
15:30 Gold Mining
18:24 Bow Saw
18:53 Heavy Plow
20:35 Wheelbarrow
23:53 Gold Shaft Mining
24:04 Town Watch
24:39 Hand Cart
27:35 Imperial Age
25:07 Stone Mining
24:46 Pikeman
26:43 Caravan
27:46 Stone Shaft Mining
27:41 Ballistics
28:38 Forging
28:34 Scale Barding Armor
29:37 Chemistry
30:16 Halberdier
31:01 Scale Mail Armor
31:37 Iron Casting
31:24 Chain Barding Armor
33:14 Tusk Swords
33:32 Elite Ballista Elephant
35:07 Conscription
36:19 Crop Rotation
35:48 Murder Holes
35:47 Fletching
36:37 Bloodlines
37:27 Double Crossbow
39:33 Blast Furnace
38:49 Chain Mail Armor
38:30 Bodkin Arrow
LeinaD
0:27 Loom
14:39 Feudal Age
15:59 Wheelbarrow
19:15 Castle Age
17:10 Double-Bit Axe
17:08 Horse Collar
17:44 Gold Mining
18:46 Stone Mining
20:12 Hand Cart
20:15 Bow Saw
20:07 Heavy Plow
20:17 Caravan
21:01 Heavy Plow
25:47 Gold Shaft Mining
26:44 Coinage
34:29 Imperial Age
33:53 Squires
33:14 Pikeman
34:52 Town Watch
34:44 Onager
36:03 Conscription
36:08 Ballistics
35:54 Siege Engineers
36:51 Chemistry
36:26 Banking
37:08 Two-Man Saw
35:58 Heavy Scorpion
36:27 Siege Onager
37:35 Halberdier
38:57 Forging
38:47 Scale Mail Armor
vivrant
11:59 Feudal Age
17:06 Double-Bit Axe
21:54 Castle Age
22:22 Gambesons
22:23 Arson
26:57 Bow Saw
28:35 Caravan
31:07 Scale Mail Armor
31:18 Forging
34:26 Chain Mail Armor
35:31 Iron Casting
37:26 Fortified Wall
37:27 Masonry
45:23 Imperial Age
L.U.C.4
1:05 Loom
13:05 Feudal Age
18:10 Castle Age
16:56 Double-Bit Axe
19:34 Wheelbarrow
22:59 Stone Mining
23:36 Horse Collar
24:41 Bow Saw
26:17 Gold Mining
29:44 Hand Cart
34:06 Imperial Age
31:47 Husbandry
32:20 Bloodlines
32:30 Fervor
33:36 Scale Barding Armor
35:23 Conscription
35:21 Heavy Camel Rider
37:02 Caravan
37:58 Chain Barding Armor
37:48 Forging
37:30 Fletching
37:45 Silk Armor
37:18 Light Cavalry
37:49 Capped Ram
41:05 Plate Barding Armor
41:06 Iron Casting
40:28 Bodkin Arrow
40:34 Padded Archer Armor
40:37 Hussar
Captain Longstroke
9:57 Loom
12:17 Feudal Age
16:44 Castle Age
15:09 Double-Bit Axe
18:10 Wheelbarrow
18:11 Bow Saw
17:55 Gold Mining
25:32 Stone Mining
26:13 Husbandry
26:44 Forging
27:22 Hand Cart
26:56 Town Watch
27:18 Squires
28:12 Gold Shaft Mining
27:39 Scale Mail Armor
27:54 Pikeman
30:19 Iron Casting
30:09 Fervor
32:58 Imperial Age
31:06 Ballistics
31:23 Town Patrol
31:40 Chain Mail Armor
31:30 Scale Barding Armor
31:59 Caravan
32:33 #83
32:39 Murder Holes
33:18 Masonry
33:57 Chain Barding Armor
34:01 Conscription
33:05 Cavalier
33:43 Halberdier
36:00 Blast Furnace
34:57 Elite Skirmisher
36:21 Hoardings
36:23 Plate Mail Armor
36:28 Plate Barding Armor
35:53 Arson
36:40 Siege Engineers
36:02 Paladin
37:55 Elite Throwing Axeman
41:18 Chemistry
followingpristine
10:23 Feudal Age
21:53 Castle Age
23:57 Double-Bit Axe
25:32 Bow Saw
30:50 Scale Barding Armor
35:47 Husbandry
Tr3vorTW
11:00 Loom
13:20 Feudal Age
17:13 Castle Age
15:23 Double-Bit Axe
18:37 Bow Saw
18:11 Horse Collar
24:17 Heavy Plow
24:22 Gold Mining
25:26 Scale Barding Armor
26:21 Chain Barding Armor
31:26 Imperial Age
29:39 Wheelbarrow
30:52 Ballistics
30:56 Hand Cart
30:27 Town Watch
30:45 Caravan
30:58 Forging
33:29 Chemistry
33:35 Plate Barding Armor
33:36 Iron Casting
34:27 Bloodlines
34:18 Husbandry
33:39 Light Cavalry
34:38 Stone Mining
35:15 Masonry
36:09 Blast Furnace
36:05 Hussar
37:25 Fletching
39:05 Conscription
Naery Valentina
0:35 Loom
14:30 Feudal Age
14:58 Domestication
16:11 Double-Bit Axe
16:25 Gold Mining
21:41 Castle Age
20:20 Stone Mining
21:01 Forging
20:52 Scale Mail Armor
20:57 Scale Barding Armor
23:51 Iron Casting
23:32 Chain Mail Armor
24:27 Bow Saw
25:15 Thumb Ring
25:07 Fletching
25:17 Padded Archer Armor
26:17 Bodkin Arrow
26:37 Leather Archer Armor
27:29 Pastoralism
26:55 Crossbowman
29:28 Wheelbarrow
29:55 Town Watch
31:46 Fortified Wall
32:54 Masonry
37:18 Imperial Age
35:30 Ballistics
37:58 Town Patrol
38:13 Hand Cart
37:37 Elite Fire Lancer
39:01 Parthian Tactics
37:56 Heavy Cavalry Archer
38:47 Squires
38:07 Pikeman
41:58 Plate Mail Armor
41:29 Bracer
41:59 Ring Archer Armor
Connection lost

Rejoining the realm…

Still unreachable

The connection could not be restored.

Session expired

The server has moved on; the page needs a fresh start.